Description

Simple zvt pool first opener.

Build Order

Get SALT Encoding   

  13  0:12  Overlord  
  17  0:44  Extractor  
  17  0:49  Spawning Pool  
  18  1:18  Hatchery  
  19  1:36  Queen  
  21  1:41  Zergling  
  22  1:52  Overlord  
  22  2:11  Queen  
  27  2:30  Queen  
Spawning Tool Build Advisor. Get it on Overwolf

Analysis

  • Safer against early bio/proxy openers
  • More scouting potential
  • Queen defends against reaper, lings dodge reaper and kill scv building cc on low ground.

Go to:

Details

  • Created by: sylinse
  • Published on: Sep 23, 2017
  • Modified on: Sep 23, 2017
  • Patch: 3.8.0
Show
View Real Time Build Order
Export as new Build Order

Comments (0)

There are no comments. Be the first!

Create an account to comment!